[Event "28th WSCC Open 50 2018"]
[Site "Bled"]
[Date "2018.11.28"]
[Round "10"]
[White "Bergstrom, Rolf"]
[Black "Resika, Nathan"]
[Result "1-0"]
[ECO "B31"]
[WhiteElo "2216"]
[BlackElo "2124"]
[Annotator "RC"]
[PlyCount "149"]
[EventDate "2018.11.17"]
[EventType "swiss"]
[EventCountry "SLO"]
[SourceTitle "playchess.com"]
[Source "ChessBase"]
[SourceQuality "1"]
[TimeControl "40/5400+30:1800+30"]

1. e4 c5 2. Nf3 Nc6 3. Bb5 g6 4. Bxc6 bxc6 5. O-O Bg7 6. Re1 Nh6 7. c3 O-O 8. d4 cxd4 9. cxd4 d5 10. e5 f6 11. h3 Nf7 12. e6 Ng5 13. Bxg5 fxg5 14. Nc3 Qd6 15. Nxg5 Qf4 16. Nf3 Rb8 17. a3 Rxb2 18. Qc1 Rb8 19. Qxf4 Rxf4 20. Rac1 Rb3 21. Nxd5 cxd5 22. Rxc8+ Bf8 23. Rd8 Rxa3 24. Rc1 Ra6 25. Rc7 Rxe6 26. Rxa7 Rf5 27. Ne5 Rexe5 28. dxe5 Rxe5 29. Raa8 Rf5 30. g4 Rf6 31. Rxd5 Kf7 32. Kg2 Re6 33. Rd3 Bg7 34. Rf3+ Rf6 35. Re3 Re6 36. Rxe6 Kxe6 37. f4 Kf7 38. Ra5 Bc3 39. Rb5 Bf6 40. Kf3 Bg7 41. Ke4 Bf6 42. Rd5 Bh4 43. Rc5 Bf6 44. Rb5 h6 45. Rb7 Bh4 46. f5 Bf6 47. Ra7 Bg5 48. Ra6 Bf6 49. fxg6+ Kxg6 50. Kf4 Kf7 51. Kf5 Kg7 52. Rc6 Bh4 53. Rg6+ Kh7 54. Re6 Kg7 55. Ra6 Bf6 56. Ra5 Kf7 57. Rb5 Bg5 58. Rb1 Bf6 59. Rf1 Bh4 60. Rh1 Kg7 61. Rh2 Kf7 62. Rg2 Bf6 63. Rf2 Bh4 64. Rf3 Bf6 65. Ke4 Kg6 66. Rf5 Bg5 67. Kd5 h5 68. h4 Bxh4 69. Rxh5 Bf6 70. Ke6 Bg5 71. Rh8 Bf6 72. Rg8+ Kh7 73. Kf7 Kh6 74. Rg6+ Kh7 75. g5 1-0

[Event "28th WSCC Open 50 2018"]
[Site "Bled"]
[Date "2018.11.28"]
[Round "10"]
[White "Haessel, Dale R."]
[Black "Petran, Peter"]
[Result "1-0"]
[ECO "A40"]
[WhiteElo "2155"]
[BlackElo "2256"]
[Annotator "NA RC"]
[PlyCount "57"]
[EventDate "2018.11.17"]
[EventType "swiss"]
[EventCountry "SLO"]
[SourceTitle "playchess.com"]
[Source "ChessBase"]
[SourceQuality "1"]
[TimeControl "40/5400+30:1800+30"]

1. d4 g6 2. c4 Bg7 3. e4 Nc6 4. Nf3 e5 5. Bg5 {[%emt 0:00:11] A40: Unusual replies to 1 d4} (5. dxe5 Nxe5 6. Be2 d6 7. O-O Nxf3+ 8. Bxf3 Ne7 9. Nc3 O-O 10. Be3 Be6 11. c5 Nc8 12. Qc2 c6 13. Rad1 Qe7 {1-0 (56) Brodsky,M (2558)-Nepomniachtchi,I (2718) Sochi 2012}) 5... Nge7 6. dxe5 Nxe5 7. Nxe5 Bxe5 8. Nc3 h6 9. Be3 d6 10. Qd2 Bg7 11. Be2 Be6 12. O-O a6 $146 ({Predecessor:} 12... h5) 13. Nd5 c5 14. Rab1 Nc6 15. b4 b6 16. bxc5 bxc5 17. Rb7 Rc8 18. f4 Nd4 19. f5 Bxd5 20. cxd5 g5 21. f6 Bxf6 22. Bg4 O-O 23. Rd7 Qe8 24. Rxf6 Qxe4 25. Bh5 Nf5 $18 26. Rfxf7 Rxf7 27. Bxf7+ Kf8 28. Be6 Nxe3 29. Qf2+ 1-0

[Event "28th WSCC Open 50 2018"]
[Site "Bled"]
[Date "2018.11.28"]
[Round "10"]
[White "Gavrish, Leonid"]
[Black "Mukanov, Saltanat"]
[Result "0-1"]
[ECO "A69"]
[WhiteElo "2144"]
[BlackElo "2250"]
[Annotator "RC"]
[PlyCount "124"]
[EventDate "2018.11.17"]
[EventType "swiss"]
[EventCountry "SLO"]
[SourceTitle "playchess.com"]
[Source "ChessBase"]
[SourceQuality "1"]
[TimeControl "40/5400+30:1800+30"]

1. d4 Nf6 2. c4 g6 3. Nc3 Bg7 4. e4 O-O 5. f4 d6 6. Nf3 c5 7. d5 e6 8. Be2 exd5 9. cxd5 Re8 10. Nd2 Na6 11. O-O Nc7 12. a4 b6 13. Bf3 Ba6 14. Re1 Rb8 15. Nf1 Nd7 16. Be3 c4 17. Qd2 Nc5 18. Bxc5 bxc5 19. Kh1 Bd4 20. Ng3 Na8 21. e5 dxe5 22. f5 Bc8 23. Be4 Qh4 24. Rf1 Nb6 25. Nb5 Nd7 26. Rae1 Nf6 27. fxg6 hxg6 28. Rxf6 Qxf6 29. Rf1 Qh4 30. d6 Rxb5 31. axb5 Be6 32. Bc6 Rd8 33. Ne4 Bf5 34. Rxf5 gxf5 35. g3 c3 36. bxc3 Bxc3 37. Qxc3 Qh8 38. Qa5 Kg7 39. Nxc5 Rxd6 40. Qa1 Kg6 41. Bf3 Qe8 42. g4 fxg4 43. Qb1+ Kg7 44. Bxg4 Qa8+ 45. Ne4 Qd5 46. Bf3 Qd3 47. Qxd3 Rxd3 48. Kg2 f5 49. Nf2 Rb3 50. Be2 Kf6 51. h4 Rb2 52. Kf1 Rb1+ 53. Nd1 e4 54. Kf2 Rc1 55. Ke3 Ke5 56. Kd2 Rc7 57. Ne3 f4 58. Nc4+ Kd4 59. b6 axb6 60. Nxb6 f3 61. Bf1 e3+ 62. Kd1 Rb7 0-1

[Event "28th WSCC Open 50 2018"]
[Site "Bled"]
[Date "2018.11.29"]
[Round "11"]
[White "Mannion, Stephen R"]
[Black "Cetinkaya, Vedat Ali"]
[Result "1-0"]
[ECO "B12"]
[WhiteElo "2286"]
[BlackElo "2056"]
[Annotator "ChessBase"]
[PlyCount "41"]
[EventDate "2018.11.17"]
[EventType "swiss"]
[EventCountry "SLO"]
[SourceTitle "playchess.com"]
[Source "ChessBase"]
[SourceQuality "1"]
[TimeControl "40/5400+30:1800+30"]

1. e4 c6 2. d4 d5 3. e5 Bf5 4. Nf3 e6 5. Be2 Ne7 6. O-O c5 7. c4 Nec6 8. cxd5 Qxd5 9. Nc3 Qd7 10. Be3 cxd4 11. Nxd4 Nxd4 12. Bxd4 Nc6 13. Bb5 O-O-O 14. Be3 Qc7 15. Qa4 a6 16. Rac1 Kb8 17. Bxc6 Qxc6 18. Qa5 Be7 19. b4 Bd3 20. b5 Bxb5 21. Nxb5 1-0

[Event "28th WSCC Open 50 2018"]
[Site "Bled"]
[Date "2018.11.29"]
[Round "11"]
[White "Biro, Sandor"]
[Black "Berend, Fred"]
[Result "1-0"]
[ECO "B22"]
[WhiteElo "2191"]
[BlackElo "2369"]
[Annotator "NA RC"]
[PlyCount "100"]
[EventDate "2018.11.17"]
[EventType "swiss"]
[EventCountry "SLO"]
[SourceTitle "playchess.com"]
[Source "ChessBase"]
[SourceQuality "1"]
[TimeControl "40/5400+30:1800+30"]

1. e4 c5 2. Nf3 e6 3. c3 Nf6 4. e5 Nd5 5. d4 cxd4 6. cxd4 b6 7. Nc3 Nxc3 8. bxc3 Qc7 9. Bd2 Be7 10. Bd3 Ba6 11. c4 {B22: Sicilian: 2 c3} (11. Bxa6 Nxa6 12. Qe2 Nb8 13. c4 Qb7 14. O-O O-O 15. a4 d6 16. Bb4 dxe5 17. Bxe7 Qxe7 18. Nxe5 Nd7 19. a5 Nxe5 20. Qxe5 {½-½ (99) Smerdon,D (2525)-Dominguez Perez,L (2719) Khanty-Mansiysk 2009}) 11... Bxc4 12. Rc1 b5 13. O-O O-O {[#]} 14. Re1 $146 ({Predecessor:} 14. Ng5 $1 $16 Bxg5 15. Bxg5 f5 16. exf6 gxf6 17. Bxh7+ Kf7 18. Qh5+ Ke7 {½-½ (48) Adnoy,H (2185)-Gabrielsen,S (2286) Gausdal 2001}) 14... Nc6 15. Bxc4 bxc4 16. Rxc4 d5 (16... Rfb8 $11) 17. exd6 $1 Qxd6 18. Qc2 Rac8 19. Rc1 Nb4 20. Qa4 Rxc4 21. Rxc4 Nd5 22. Qxa7 Rb8 23. g3 Qd8 24. a4 Ra8 25. Qb7 Rb8 26. Qc6 h6 27. a5 g5 28. Ne5 Rb2 29. Rc2 Rb1+ 30. Kg2 Kg7 31. Qc8 Ra1 32. Qxd8 Bxd8 33. Nc6 Bf6 34. Rb2 Ra4 35. Rb5 Ra2 36. Bc1 Ra4 37. Bb2 g4 38. Nb8 Bd8 39. Nc6 Bc7 40. Bc1 h5 41. h3 Bd6 42. Bb2 Kg6 $11 43. hxg4 hxg4 44. Nd8 Bc7 45. Nb7 Ra2 46. Kf1 Bb8 47. Ke1 Ba7 48. Nd8 Ra4 49. Nc6 Rc4 50. Nxa7 Rc7 1-0